 Dungeon Crawl Stone Soup version 0.31-a0-162-gc4c5a43528 (webtiles) character file.

Game seed: 17325957373444917101

1476 qw the Skirmisher (level 8, -10/81 HPs)
             Began as a Naga Hunter on June 12, 2023.
             Was a Follower of Okawaru.
             Mangled by a gnoll
             ... wielding a +0 halberd
              (14 damage)
             ... on level 6 of the Dungeon.
             The game lasted 00:01:42 (5543 turns).

qw the Skirmisher (Naga Hunter)                     Turns: 5543, Time: 00:01:43

Health: -10/81     AC:  6    Str: 13    XL:     8   Next: 78%
Magic:  10/11      EV: 12    Int: 11    God:    Okawaru [*.....]
Gold:   291        SH:  0    Dex: 16    Spells: 7/7 levels left

rFire   . . .        e - +0 longbow
rCold   . . .        (shield currently unavailable)
rNeg    . . .        c - +0 leather armour
rPois   +            (no helmet)
rElec   .            (no cloak)
rCorr   +            (no gloves)
SInv    +            (no barding)
Will    +....        (no amulet)
Stlth   +++          g - +4 ring of slaying {mikee}
HPRegen 0.33/turn    j - ring of resist corrosion
MPRegen 0.12/turn

%: no passive effects
@: heroic, very slow
A: AC +2, large, see invisible, deformed body, poison resistance, slowness 2,
spit poison 1, naga tail 1, stinger 1, iridescent scales 1, robust 1
a: Spit Poison, Renounce Religion, Heroism


You were on level 6 of the Dungeon.
You worshipped Okawaru.
Okawaru was aware of your devotion.
You visited 2 branches of the dungeon, and saw 7 of its levels.

You collected 421 gold pieces.
You spent 130 gold pieces at shops.


Innate Abilities, Weirdness & Mutations

Your serpentine skin is tough. (AC +2)
You have supernaturally acute eyesight. (SInv)
Armour fits poorly on your strangely shaped body.
Your system is resistant to poisons. (rPois)
You cover ground very slowly.
You can spit poison.
You have a snake-like lower body.
Your tail ends in a venomous barb.
You are partially covered in iridescent scales. (AC +2)
You are robust. (+10% HP)


   Skills:
 - Level 5.1(10.1) Fighting
 + Level 8.5(13.5) Ranged Weapons
 - Level 2.1(7.1) Dodging
 - Level 1.5(6.5) Stealth
 - Level 4.0 Invocations


You had 7 spell levels left.
You didn't know any spells.
Your spell library was empty.

Inventory:

Hand Weapons
 e - a +0 longbow (weapon)
Armour
 c - a +0 leather armour (worn)
 m - +0 steam dragon scales
Jewellery
 g - a +4 ring of slaying (left hand) {mikee}
 j - a ring of resist corrosion (right hand)
 k - an amulet of guardian spirit
Scrolls
 a - 2 scrolls of identify
 n - a scroll of teleportation {unknown}
Potions
 b - a potion of might
 d - a potion of haste
 f - a potion of invisibility {unknown}
 h - a potion of heal wounds {unknown}
 i - a potion of curing
 l - a potion of mutation
 o - a potion of attraction {unknown}

Dungeon Overview and Level Annotations

Branches:
Dungeon (6/15)             Temple (1/1) D:4

Altars:
Ashenzari
Dithmenos
Elyvilon
Hepliaklqana
Makhleb
Nemelex Xobeh
Okawaru
Sif Muna
Wu Jian
Xom
Yredelemnul
Zin
The Shining One

Shops:
D:6 =:(


Message History

Maggie is severely wounded.
Maggie drinks a potion.
Maggie is healed!
Maggie looks more healthy.
The gnoll closely misses you.
You shoot an arrow. The arrow hits Maggie.
Maggie is severely wounded.
Maggie casts a spell.
Maggie draws you further into her thrall.
The gnoll barely misses you.
You shoot an arrow. The arrow hits Maggie.
Maggie is severely wounded.
You have got your breath back.
Maggie hits you with a +2 heavy long sword.
The gnoll hits you from afar with a +0 halberd.
5538 ||| INVOKING Spit Poison.
Aiming: Spit Poison (1% risk of failure)
Press: ? - help, Shift-Dir - straight line, f/p - Maggie The splash of poison hits Maggie.
Maggie is poisoned.
Maggie is severely wounded.
The gnoll barely misses you.
Maggie hits you with a +2 heavy long sword!
You shoot an arrow. The arrow closely misses Maggie.
The gnoll barely misses you.
You shoot an arrow. The arrow hits Maggie!
Maggie is almost dead.
Maggie hits you with a +2 heavy long sword.
The gnoll hits you from afar with a +0 halberd.
The gnoll closely misses you.
You shoot an arrow. The arrow barely misses Maggie.
Maggie hits you with a +2 heavy long sword.
The gnoll barely misses you.
You shoot an arrow. The arrow closely misses Maggie.
Maggie hits you with a +2 heavy long sword!
The gnoll completely misses you.
You shoot an arrow. The arrow hits Maggie!
You break out of your daze!
You kill Maggie!
Okawaru accepts your kill.
You have got your breath back.
The gnoll hits you from afar with a +0 halberd!
You die...

........# ..####### +........
..##....# #......)$ ........#
#......# ........# #......#
..####### #......# ####....#
#..)...# ######
.....<..########.)g...# #....#
........#.......@.....# #....#
..###)###.............# #....#
###..))...............# #....#
..#...................# #....#
..#......#######......# #....#
..#......#.....#......#######.#
###......#.....#..........#...#
########'#####..........#..##
#....>...........'...#


You could see a gnoll.

Vanquished Creatures
  Maggie (D:6)
  Sigmund (D:5)
  A steam dragon (D:6)
  A black bear (D:5)
  A sky beast (D:6)
  A kobold brigand (D:6)
  A bullfrog (D:6)
  3 scorpions
  4 hounds
  6 jellies
  An orc priest (D:6)
  2 iguanas
  2 orc wizards
  3 gnolls (D:6)
  7 adders
  An ufetubus (D:5)
  2 worms
  2 dart slugs (D:1)
  19 orcs
  3 bats
  6 endoplasms
  4 giant cockroaches
  5 goblins
  6 hobgoblins
  3 quokkas
  6 ball pythons
  8 kobolds
  9 rats
109 creatures vanquished.

Notes
Turn   | Place    | Note
-------+----------+-------------------------------------------
     0 | D:1      | qw the Naga Hunter began the quest for the Orb.
     0 | D:1      | Reached XP level 1. HP: 19/19 MP: 1/1
     0 | D:1      | 0 ||| qw: Version: 0.2-a-29-gc1b59c4
     0 | D:1      | 0 ||| qw: Game counter: 4352
     0 | D:1      | 0 ||| qw: Always use a shield: true
     0 | D:1      | 0 ||| qw: God list: Okawaru
     0 | D:1      | 0 ||| qw: Allow faded altars: false
     0 | D:1      | 0 ||| qw: Do Orc after D:15 true
     0 | D:1      | 0 ||| qw: Do second Lair branch before Depths: true
     0 | D:1      | 0 ||| qw: Lair rune preference: random
     0 | D:1      | 0 ||| qw: Plans: Normal
     0 | D:1      | 0 ||| PLANNING D:1-11
     6 | D:1      | 6 ||| INVOKING Spit Poison.
    24 | D:1      | 24 ||| INVOKING Spit Poison.
    36 | D:1      | 36 ||| INVOKING Spit Poison.
    63 | D:1      | 63 ||| INVOKING Spit Poison.
    91 | D:1      | Reached skill level 4 in Ranged Weapons
    91 | D:1      | Reached XP level 2. HP: 26/26 MP: 2/2
   118 | D:1      | 118 ||| INVOKING Spit Poison.
   124 | D:1      | 124 ||| INVOKING Spit Poison.
   229 | D:1      | 229 ||| INVOKING Spit Poison.
   247 | D:1      | 247 ||| INVOKING Spit Poison.
   378 | D:1      | 378 ||| INVOKING Spit Poison.
   471 | D:1      | 471 ||| INVOKING Spit Poison.
   474 | D:1      | Reached XP level 3. HP: 32/32 MP: 3/3
   573 | D:1      | 573 ||| INVOKING Spit Poison.
   759 | D:1      | 759 ||| INVOKING Spit Poison.
   775 | D:1      | 775 ||| UPGRADING to +4 ring of slaying {mikee}.
   776 | D:1      | 776 ||| UPGRADING to ring of resist corrosion.
   777 | D:1      | 777 ||| READING 3 scrolls labelled QUELU ZI XE BOTUR.
   778 | D:1      | 778 ||| READING scroll labelled AXZO VAVUQUAH.
   779 | D:1      | 779 ||| READING scroll labelled NURGHE QOLINO.
   780 | D:1      | 780 ||| READING 2 scrolls of identify.
   780 | D:1      | 780 ||| IDENTIFYING viscous coppery potion
   781 | D:1      | 781 ||| DROPPING scroll of butterflies.
   782 | D:1      | 782 ||| DROPPING potion of magic.
   790 | D:2      | 790 ||| INVOKING Spit Poison.
   856 | D:2      | 856 ||| INVOKING Spit Poison.
   879 | D:2      | You fall into a shaft and drop 1 floor!
   903 | D:3      | 903 ||| INVOKING Spit Poison.
   908 | D:3      | 908 ||| INVOKING Spit Poison.
   941 | D:3      | 941 ||| INVOKING Spit Poison.
   942 | D:3      | Reached skill level 5 in Ranged Weapons
   942 | D:3      | Reached XP level 4. HP: 39/39 MP: 4/4
   950 | D:3      | 950 ||| INVOKING Spit Poison.
   953 | D:3      | 953 ||| INVOKING Spit Poison.
  1013 | D:3      | 1013 ||| INVOKING Spit Poison.
  1067 | D:3      | 1067 ||| INVOKING Spit Poison.
  1154 | D:3      | 1154 ||| INVOKING Spit Poison.
  1175 | D:3      | 1175 ||| INVOKING Spit Poison.
  1178 | D:3      | 1178 ||| INVOKING Spit Poison.
  1253 | D:3      | 1253 ||| READING scroll labelled ZOOCEPIFIU.
  1254 | D:3      | 1254 ||| READING scroll labelled SIAR DESOBLEPHO.
  1255 | D:3      | 1255 ||| READING 2 scrolls of identify.
  1255 | D:3      | 1255 ||| IDENTIFYING coppery potion
  1398 | D:2      | 1398 ||| INVOKING Spit Poison.
  1478 | D:2      | 1478 ||| INVOKING Spit Poison.
  1479 | D:2      | 1479 ||| INVOKING Spit Poison.
  1525 | D:2      | 1525 ||| INVOKING Spit Poison.
  1532 | D:2      | Found a shimmering blue altar of Sif Muna.
  1569 | D:2      | 1569 ||| INVOKING Spit Poison.
  1575 | D:2      | 1575 ||| INVOKING Spit Poison.
  1578 | D:2      | Reached skill level 3 in Fighting
  1665 | D:2      | 1665 ||| INVOKING Spit Poison.
  1927 | D:3      | 1927 ||| INVOKING Spit Poison.
  1930 | D:3      | 1930 ||| INVOKING Spit Poison.
  1935 | D:3      | 1935 ||| INVOKING Spit Poison.
  1936 | D:3      | Reached XP level 5. HP: 35/49 MP: 5/5
  1939 | D:3      | 1939 ||| INVOKING Spit Poison.
  2108 | D:3      | 2108 ||| INVOKING Spit Poison.
  2120 | D:3      | Found a white marble altar of Elyvilon.
  2152 | D:3      | 2152 ||| INVOKING Spit Poison.
  2174 | D:3      | 2174 ||| INVOKING Spit Poison.
  2496 | D:3      | 2496 ||| DROPPING +6 ring of intelligence.
  2497 | D:3      | 2497 ||| READING scroll labelled YPNIRCH PEZXAC.
  2681 | D:4      | Found a staircase to the Ecumenical Temple.
  2682 | D:4      | 2682 ||| PLANNING TEMPLE
  2682 | D:4      | 2682 ||| READING 2 scrolls of identify.
  2682 | D:4      | 2682 ||| IDENTIFYING black potion
  2691 | Temple   | Entered the Ecumenical Temple
  2770 | Temple   | 2770 ||| PLANNING OKAWARU WORSHIP
  2842 | Temple   | Became a worshipper of Warmaster Okawaru
  2842 | Temple   | 2842 ||| PLANNING D:1-11
  2884 | D:4      | 2884 ||| INVOKING Spit Poison.
  2887 | D:4      | 2887 ||| INVOKING Spit Poison.
  2937 | D:4      | 2937 ||| INVOKING Spit Poison.
  2972 | D:4      | 2972 ||| INVOKING Spit Poison.
  3084 | D:4      | 3084 ||| INVOKING Spit Poison.
  3452 | D:5      | Entered Level 5 of the Dungeon
  3488 | D:5      | Noticed Sigmund
  3490 | D:5      | 3490 ||| INVOKING Spit Poison.
  3496 | D:5      | 3496 ||| INVOKING Spit Poison.
  3498 | D:5      | HP: 11/49 [Sigmund/+0 scythe (7)]
  3499 | D:5      | 3499 ||| INVOKING Spit Poison.
  3500 | D:5      | HP: 3/49 [Sigmund/+0 scythe (8)]
  3501 | D:5      | Killed Sigmund
  3502 | D:5      | Reached skill level 6 in Ranged Weapons
  3502 | D:5      | Reached XP level 6. HP: 4/56 MP: 6/6
  3531 | D:5      | 3531 ||| INVOKING Spit Poison.
  3536 | D:5      | 3536 ||| INVOKING Spit Poison.
  3541 | D:5      | Noticed a black bear
  3542 | D:5      | 3542 ||| INVOKING Spit Poison.
  3545 | D:5      | Killed a black bear
  3545 | D:5      | Reached * piety under Okawaru
  3715 | D:5      | 3715 ||| INVOKING Spit Poison.
  3725 | D:5      | 3725 ||| INVOKING Spit Poison.
  3726 | D:5      | 3726 ||| INVOKING Spit Poison.
  3729 | D:5      | Reached XP level 7. HP: 64/64 MP: 7/7
  3757 | D:5      | 3757 ||| INVOKING Spit Poison.
  3759 | D:5      | Reached skill level 1 in Invocations
  3804 | D:5      | 3804 ||| INVOKING Spit Poison.
  3952 | D:5      | 3952 ||| INVOKING Heroism.
  4021 | D:5      | 4021 ||| INVOKING Spit Poison.
  4082 | D:5      | 4082 ||| INVOKING Spit Poison.
  4124 | D:5      | 4124 ||| INVOKING Spit Poison.
  4128 | D:5      | 4128 ||| INVOKING Spit Poison.
  4214 | D:5      | 4214 ||| INVOKING Spit Poison.
  4217 | D:5      | Reached skill level 7 in Ranged Weapons
  4259 | D:5      | 4259 ||| INVOKING Spit Poison.
  4262 | D:5      | Reached skill level 3 in Invocations
  4457 | D:5      | 4457 ||| INVOKING Spit Poison.
  4498 | D:5      | 4498 ||| READING scroll labelled NELLIE WACIE.
  4499 | D:5      | 4499 ||| READING scroll labelled ELAF KEIBIPLI.
  4500 | D:5      | 4500 ||| READING scroll labelled KATAYRPH ELAOXTU.
  4501 | D:5      | 4501 ||| DRINKING 2 golden potions.
  4501 | D:5      | Gained mutation: Your tail ends in a venomous barb. [potion
                  | of mutation]
  4501 | D:5      | Gained mutation: You are partially covered in iridescent
                  | scales. (AC +2) [potion of mutation]
  4501 | D:5      | Gained mutation: You are robust. (+10% HP) [potion of
                  | mutation]
  4518 | D:5      | 4518 ||| READING 2 scrolls of identify.
  4518 | D:5      | 4518 ||| IDENTIFYING green potion
  4519 | D:5      | 4519 ||| DROPPING potion of degeneration.
  4569 | D:6      | 4569 ||| INVOKING Spit Poison.
  4572 | D:6      | 4572 ||| INVOKING Spit Poison.
  4575 | D:6      | 4575 ||| INVOKING Spit Poison.
  4697 | D:6      | Identified the +3 hammer "Ymoegeugg" {speed, Dex+3}
  4697 | D:6      | 4697 ||| INVOKING Spit Poison.
  4700 | D:6      | 4700 ||| INVOKING Spit Poison.
  4705 | D:6      | 4705 ||| INVOKING Spit Poison.
  4708 | D:6      | 4708 ||| INVOKING Heroism.
  4709 | D:6      | 4709 ||| INVOKING Spit Poison.
  4714 | D:6      | 4714 ||| INVOKING Spit Poison.
  4824 | D:6      | Found Reawku's Antique Weapon Shop.
  4832 | D:6      | 4832 ||| BUYING longbow (130 gold).
  4832 | D:6      | Bought a longbow for 130 gold pieces
  4832 | D:6      | 4832 ||| SWAPPING to +0 longbow.
  4833 | D:6      | 4833 ||| DROPPING +0 shortbow.
  4879 | D:6      | Found Lucwy's Book Emporium.
  4890 | D:6      | 4890 ||| INVOKING Heroism.
  4895 | D:6      | Reached XP level 8. HP: 79/79 MP: 7/11
  4926 | D:6      | 4926 ||| INVOKING Heroism.
  4953 | D:6      | 4953 ||| INVOKING Spit Poison.
  4987 | D:6      | 4987 ||| INVOKING Spit Poison.
  4990 | D:6      | 4990 ||| INVOKING Spit Poison.
  5038 | D:6      | Found Muarghol's Jewellery Boutique.
  5046 | D:6      | 5046 ||| SHOPLISTING +6 ring of strength (504 gold, have
                  | 249).
  5046 | D:6      | 5046 ||| SHOPLISTING amulet of regeneration (420 gold, have
                  | 249).
  5046 | D:6      | 5046 ||| SHOPLISTING ring "Fyut" {rPois Will- rCorr Int+5
                  | Dex+4} (642 gold, have 249).
  5046 | D:6      | 5046 ||| SHOPLISTING ring of fire (350 gold, have 249).
  5046 | D:6      | 5046 ||| SHOPLISTING ring of positive energy (280 gold,
                  | have 249).
  5046 | D:6      | 5046 ||| SHOPLISTING ring of protection from fire (350
                  | gold, have 249).
  5048 | D:6      | 5048 ||| INVOKING Spit Poison.
  5074 | D:6      | 5074 ||| INVOKING Spit Poison.
  5080 | D:6      | Reached skill level 8 in Ranged Weapons
  5320 | D:6      | 5320 ||| INVOKING Heroism.
  5341 | D:6      | 5341 ||| INVOKING Heroism.
  5344 | D:6      | 5344 ||| INVOKING Spit Poison.
  5345 | D:6      | 5345 ||| Stepping ~*~*~tactically~*~*~ (cloud).
  5347 | D:6      | 5347 ||| Stepping ~*~*~tactically~*~*~ (cloud).
  5348 | D:6      | 5348 ||| INVOKING Spit Poison.
  5386 | D:6      | 5386 ||| INVOKING Spit Poison.
  5387 | D:6      | 5387 ||| INVOKING Heroism.
  5522 | D:6      | Noticed Maggie
  5525 | D:6      | 5525 ||| INVOKING Spit Poison.
  5530 | D:6      | 5530 ||| INVOKING Spit Poison.
  5533 | D:6      | 5533 ||| INVOKING Heroism.
  5534 | D:6      | 5534 ||| INVOKING Spit Poison.
  5538 | D:6      | 5538 ||| INVOKING Spit Poison.
  5541 | D:6      | HP: 20/81 [Maggie/+2 heavy long sword (5)]
  5542 | D:6      | HP: 4/81 [Maggie/+2 heavy long sword (16)]
  5543 | D:6      | Killed Maggie
  5543 | D:6      | Mangled by a gnoll

Levels and vault maps discovered:
D:1:      amcnicky_arrival_single_pillar, layout_basic, minmay_door_square
D:2:      layout_basic, basic_altar, hangedman_decor_diamond_cutter
D:3:      layout_basic, mainiacjoe_overflow_boulevard
D:4:      layout_gridville, minmay_temple_entry_antechambers,
          chequers_serial_rivers_small_b
D:5:      layout_gridville, uniq_sigmund
D:6:      layout_gridville, serial_shops, nicolae_shop_trees, shop, shop, shop,
          uniq_crazy_yiuf_cottage, uniq_maggie
Temple:   hellmonk_temple_forest_ring

Skill      XL: |  1  2  3  4  5  6  7  8 |
---------------+-------------------------+-----
Ranged Weapons | 4 5 6 7 8 |  8.5
Fighting       | 3 4 5 |  5.1
Invocations    | 4 |  4.0
Dodging        | 2 |  2.1
Stealth        | |  1.5

Action                     |  1- 3 |  4- 6 |  7- 9 || total
---------------------------+-------+-------+-------++-------
   Fire: Shortbow          |    46 |    79 |    56 ||   181
         Longbow           |       |       |    44 ||    44
 Invoke: Heroism           |       |       |     8 ||     8
Ability: Spit Poison       |    17 |    33 |    29 ||    79
    Use: Scroll            |     4 |     5 |     4 ||    13
         Potion            |       |       |     1 ||     1
 Armour: Leather armour    |     2 |     7 |     6 ||    15
  Dodge: Dodged            |     3 |    14 |    33 ||    50

Table legend:
 A = Non-vault XP
 B = Vault XP
 C = Vault XP percentage of total XP
 D = Non-vault monster count
 E = Vault monster count
 F = Vault count percentage of total count
                 A         B        C        D         E       F
            +---------+---------+-------+---------+---------+-------
      Total |    1895 |     593 |  23.8 |     107 |       2 |   1.8
            +---------+---------+-------+---------+---------+-------
        D:1 |      40 |       0 |   0.0 |      22 |       0 |   0.0
        D:2 |      71 |       0 |   0.0 |      17 |       0 |   0.0
        D:3 |      94 |       0 |   0.0 |      19 |       0 |   0.0
        D:4 |      11 |       0 |   0.0 |       5 |       0 |   0.0
        D:5 |     557 |     214 |  27.8 |      18 |       1 |   5.3
        D:6 |    1122 |     379 |  25.2 |      26 |       1 |   3.7
            +---------+---------+-------+---------+---------+-------
